 Dungeon Crawl Stone Soup version 0.28.0-53-g5a82cb258f (webtiles) character file.

Game seed: 7236252438679083980

410 pkoi the Gusty (level 6, 0/45 HPs)
             Began as a Demigod Air Elementalist on May 24, 2022.
             Succumbed to a kobold brigand's poison
             ... on level 4 of the Dungeon.
             The game lasted 00:06:43 (4893 turns).

pkoi the Gusty (Demigod Air Elementalist)           Turns: 4893, Time: 00:06:43

Health: 0/45       AC:  5    Str: 16    XL:     6   Next: 32%
Magic:  4/13       EV: 12    Int: 25    God:
Gold:   96         SH:  0    Dex: 14    Spells: 4/10 levels left

rFire   . . .      SeeInvis +   l - +5 short sword "Wosish" {vorpal, Str+7}
rCold   . . .      Faith    .   (no shield)
rNeg    . . .      Spirit   .   a - +0 robe
rPois   .          Reflect  .   o - +2 hat
rElec   .          Harm     .   f - +0 cloak
rCorr   .          Rampage  .   (no gloves)
Will    .....                   (no boots)
Stlth   ++........              (no amulet)
HPRegen 0.15/turn               k - ring of see invisible
MPRegen 0.13/turn               (no ring)

@: mighty, lethally poisoned (0 -> -37), attractive
A: high MP 1, forlorn, divine attributes
a: no special abilities


You were on level 4 of the Dungeon.
You visited 1 branch of the dungeon, and saw 4 of its levels.

You collected 138 gold pieces.
You spent 42 gold pieces at shops.

Inventory:

Hand Weapons
 c - a +0 falchion
 l - the +5 short sword "Wosish" (weapon) {vorpal, Str+7}
   (You found it on level 2 of the Dungeon)

   It inflicts extra damage upon your enemies.
   Str:       It affects your strength (+7).
Missiles
 p - a throwing net
Armour
 a - a +0 robe (worn)
 b - a +0 helmet
 f - a +0 cloak (worn)
 o - a +2 hat (worn)
Magical Staves
 n - a staff of fire
Jewellery
 k - a ring of see invisible (left hand)
Wands
 g - a wand of paralysis (6)
Scrolls
 r - a scroll of teleportation
Potions
 e - a potion of cancellation {unknown}
 h - a potion of curing {unknown}
 i - a potion of magic
 j - a potion of heal wounds {unknown}
 m - a potion of might
 q - a potion of mutation {unknown}


   Skills:
 - Level 1.7 Dodging
 - Level 1.7 Stealth
 + Level 2.6 Spellcasting
 - Level 0.8 Conjurations
 * Level 6.0 Air Magic
 - Level 2.0 Evocations


You had 4 spell levels left.
You knew the following spells:

 Your Spells              Type           Power      Damage    Failure   Level
a - Shock                 Conj/Air       80%        1d8       2%          1
b - Static Discharge      Conj/Air       20%        N/A       3%          2
c - Swiftness             Air            33%        N/A       2%          3

Your spell library contained the following spells:

 Spells                   Type           Power      Damage    Failure   Level
 Airstrike                Air            16%        N/A       9%          4
 Gell's Gravitas          Tloc           3%         N/A       32%         3
 Teleport Other           Tloc           3%         N/A       32%         3
 Dispersal                Tloc           1%         N/A       100%        6


Dungeon Overview and Level Annotations

Branches:
Dungeon (4/15)
 Temple: D:4-7

Shops:
D:1 =   D:4 ?


Innate Abilities, Weirdness & Mutations

You have an increased reservoir of magic. (+10% MP)
You shall have no god before yourself.
Your divine heritage dramatically boosts your attributes as you level up.


Message History

The kobold shouts!
The kobold brigand throws a poisoned dart.
The poisoned dart hits you!
You are poisoned.
The zap misses the kobold.
You feel sick.
The zap misses the kobold.
You feel sick.
The zap misses the kobold.
You feel sick.
The zap hits the kobold!
You kill the kobold!
You feel sick.
You feel sick.
The kobold brigand hits you with a +0 dagger of venom.
You are more poisoned.
You hit the kobold brigand.
The kobold brigand is moderately wounded.
You feel very sick.
The kobold brigand hits you with a +0 dagger of venom.
* * * LOW HITPOINT WARNING * * *
You are more poisoned.
You puncture the kobold brigand!
The kobold brigand is heavily wounded.
* * * LOW HITPOINT WARNING * * *
You feel very sick.
The kobold brigand hits you with a +0 dagger of venom.
* * * LOW HITPOINT WARNING * * *
You are more poisoned.
The kobold brigand hits you with a +0 dagger of venom.
* * * LOW HITPOINT WARNING * * *
You are more poisoned.
Unknown command.
It was a potion of attraction.
You feel attractive to monsters.
* * * LOW HITPOINT WARNING * * *
You feel extremely sick.
The kobold brigand hits you with a +0 dagger of venom.
* * * LOW HITPOINT WARNING * * *
You are more poisoned.
It was a potion of might.
You feel very mighty all of a sudden.
You die...

>.. ...#. ..# ##...#
....###....##.
.............
....##......#######
[.........###)...)###
......(......)..@K..#
.............#####).))..
....##....####≈≈≈# #)...
#.........≈≈≈≈≈≈≈≈ ###
##...##....≈≈≈≈≈≈≈≈ #
#....##...##≈≈≈.##.( .
#...##....##....# .
.###.###..........#
..#..........#. ..


You could see a kobold brigand.

Vanquished Creatures
  A necrophage (D:3)
  A centaur skeleton (D:4)
  6 orc wizards (D:3)
  3 gnolls
  3 adders
  An adder skeleton (D:4)
  A worm (D:3)
  4 dart slugs
  10 orcs
  5 bats
  5 endoplasms
  4 giant cockroaches
  3 goblins
  9 hobgoblins
  13 kobolds
  A quokka (D:3)
  5 ball pythons
  5 frilled lizards
  7 rats
87 creatures vanquished.

Notes
Turn   | Place    | Note
-------+----------+-------------------------------------------
     0 | D:1      | pkoi the Demigod Air Elementalist began the quest for the
                  | Orb.
     0 | D:1      | Reached XP level 1. HP: 14/14 MP: 5/5
   251 | D:1      | Reached skill level 3 in Air Magic
   274 | D:1      | Found Cetaure's One-of-a-Kind Rings.
   460 | D:1      | Reached XP level 2. HP: 20/20 MP: 1/7
   933 | D:1      | Learned a level 2 spell: Static Discharge
  1387 | D:2      | Reached XP level 3. HP: 26/26 MP: 6/8
  1461 | D:2      | Identified the +5 short sword "Wosish" {vorpal, Str+7}
  1490 | D:2      | Reached skill level 4 in Air Magic
  2710 | D:3      | Reached XP level 4. HP: 33/33 MP: 1/9
  3273 | D:3      | Noticed a +0 hand axe
  3273 | D:3      | Noticed a +0 hand axe
  3282 | D:3      | Reached skill level 5 in Air Magic
  3282 | D:3      | Reached skill level 1 in Evocations
  3326 | D:2      | Learned a level 3 spell: Swiftness
  3358 | D:3      | Reached XP level 5. HP: 38/38 MP: 7/10
  3975 | D:3      | Noticed a necrophage
  3987 | D:3      | Killed a necrophage
  3988 | D:3      | Reached XP level 6. HP: 42/45 MP: 3/12
  4550 | D:4      | Found Gociorol's Magic Scroll Boutique.
  4559 | D:4      | Reached skill level 6 in Air Magic
  4768 | D:4      | Bought a scroll of teleportation for 42 gold pieces
  4893 | D:4      | Succumbed to a kobold brigand's poison

Illustrated notes

Levels and vault maps discovered:
D:1:      saegor_arrival_under_anarchy, layout_rooms,
          ebering_ecumenical_altar_mist, nicolae_shop_unique_rings,
          minmay_close_crescents
D:2:      layout_loops_ring
D:3:      layout_basic, old_standard_altar, dancing_weapons_uskayaw
D:4:      cheibrodos_thug_alley, layout_cave_pools, minmay_temple_entry_waves,
          serial_shops, shop

Skill      XL: |  1  2  3  4  5  6 |
---------------+-------------------+-----
Air Magic      | 3 4 5 6 |  6.0
Evocations     | 1 2 |  2.0
Spellcasting   | 2 |  2.6
Dodging        | |  1.7
Stealth        | |  1.7
Conjurations   | |  0.8

Action                   |  1- 3 |  4- 6 || total
-------------------------+-------+-------++-------
Melee: Falchion          |    16 |       ||    16
       Short sword       |     9 |    20 ||    29
       Punch             |       |     1 ||     1
 Cast: Shock             |    86 |   106 ||   192
       Static Discharge  |       |     3 ||     3
  Use: Scroll            |     3 |       ||     3
       Potion            |       |     2 ||     2
Armor: Robe              |    12 |    14 ||    26
Dodge: Dodged            |    27 |    30 ||    57
